 Dungeon Crawl Stone Soup version 0.27-a0-1308-gc08437e49b (webtiles) character file.

Game seed: 5427841492990084941

1312 Sobieck the Nimble (level 8, -1/44 HPs)
             Began as a Spriggan Berserker on June 18, 2021.
             Was a Priest of Trog.
             Slain by a gnoll sergeant (12 damage)
             ... on level 6 of the Dungeon.
             The game lasted 00:10:46 (5852 turns).

Sobieck the Nimble (Spriggan Berserker)             Turns: 5852, Time: 00:10:47

Health: -1/44      AC:  3    Str: 15    XL:     8   Next: 32%
Magic:  9/9        EV: 21    Int:  8    God:    Trog [***...]
Gold:   267        SH:  0    Dex: 15    Spells: 7/7 levels left

rFire    . . .     SeeInvis +   a - +0 falchion {long}
rCold    . . .     Faith    .   (shield restricted)
rNeg     . . .     Spirit   .   e - +1 animal skin
rPois    .         Reflect  .   (helmet restricted)
rElec    .         Harm     .   (no cloak)
rCorr    .         Rampage  .   (gloves unavailable)
Will     +....                  (boots unavailable)
Stlth    +.........             m - amulet of regeneration {@e2}
HPRegen  1.14/turn              (no ring)
MPRegen  0.11/turn              (no ring)

@: lethally poisoned (-1 -> -8), on berserk cooldown, slowed, quick
A: very small, no large weapons, unfitting armour, see invisible, speed 3
a: Renounce Religion, Berserk, Trog's Hand


You were on level 6 of the Dungeon.
You worshipped Trog.
Trog was most pleased with you.
You visited 1 branch of the dungeon, and saw 7 of its levels.

You collected 267 gold pieces.


Innate Abilities, Weirdness & Mutations

You are very small and have problems with some larger weapons.
You are too small for most types of armour.
You have supernaturally acute eyesight. (SInv)
You cover ground extremely quickly. (Speed+++)


   Skills:
 + Level 5.4 Fighting
 + Level 5.5 Long Blades
 + Level 8.6 Dodging


You had 7 spell levels left.
You didn't know any spells.
Your spell library contained the following spells:

 Spells                   Type           Power      Damage    Failure   Level
 Animate Skeleton         Necr           0%         N/A       41%         1
 Apportation              Tloc           0%         N/A       41%         1
 Corona                   Hex            0%         N/A       41%         1
 Magic Dart               Conj           0%         1d3       41%         1
 Summon Small Mammal      Summ           0%         N/A       41%         1
 Searing Ray              Conj           0%         3d3       54%         2
 Confusing Touch          Hex            0%         N/A       78%         3
 Dazzling Flash           Conj/Hex       0%         N/A       78%         3
 Gell's Gravitas          Tloc           0%         N/A       78%         3
 Fulminant Prism          Conj/Hex       0%         3d6       99%         4
 Iskenderun's Mystic Bla  Conj/Tloc      0%         2d3       99%         4
 Petrify                  Tmut/Erth      0%         N/A       99%         4
 Metabolic Englaciation   Hex/Ice        0%         N/A       100%        5
 Yara's Violent Unravell  Hex/Tmut       0%         3d3       100%        5

Inventory:

Hand Weapons
 a - a +0 falchion (weapon) {long}
 b - a +0 hunting sling {sling}
   (You found it on level 2 of the Dungeon)
 q - a +0 short sword of draining {short}
   (You took it off an orc on level 3 of the Dungeon)
 t - a +1 vorpal hand axe {axe}
   (You took it off an orc on level 4 of the Dungeon)
Missiles
 c - 70 arrows
 k - 102 sling bullets
 l - 146 stones {throwing}
 u - 8 atropa-tipped darts {throwing}
 B - 11 poisoned darts {throwing}
Armour
 e - a +1 animal skin (worn)
 y - a +1 robe of cold resistance
   (You took it off Dowan on level 4 of the Dungeon)
Jewellery
 m - an amulet of regeneration (around neck) {@e2}
   (You found it on level 3 of the Dungeon)
 n - a ring of wizardry
   (You found it on level 3 of the Dungeon)
Wands
 o - a wand of iceblast (13)
   (You took it off Ijyb on level 3 of the Dungeon)
 D - a wand of digging (4)
   (You took it off an orc on level 5 of the Dungeon)
Scrolls
 f - a scroll of immolation {!r!r}
 r - a scroll of amnesia {unknown}
 v - 2 scrolls of magic mapping {unknown}
 w - a scroll of enchant weapon {unknown}
 z - a scroll of identify {unknown}
 A - a scroll of silence {unknown}
 C - a scroll of teleportation {unknown}
 E - a scroll of enchant armour
Potions
 d - 2 potions of curing {unknown}
 g - a potion of might {unknown}
 h - a potion of resistance {unknown}
 i - a potion of heal wounds {unknown}
 j - a potion of degeneration {unknown}
 p - 2 potions of brilliance {unknown}
 s - 2 potions of attraction {unknown}
 x - a potion of flight {unknown}

Dungeon Overview and Level Annotations

Branches:
Dungeon (7/15)             Temple (0/1) D:5

Altars:
Kikubaaqudgha
Nemelex Xobeh
The Shining One

Shops:
D:2 *   D:3 [[

Annotations:
D:4 exclusion: downstairs

#.#.# #.# #.#†# #.# #########.#.#
#.#
..........#.###########.#####.#
#########.#...................#
#.#..######.###.#.#####
#####.#..######.###.#+######
#............g.............##
#.#>........@g.g.............
#........##.#######........##
#.#.####.##.#######........#
.......................######
...........<..........#.#######
...####...................g.g.g.g
### #.####.#..#########.#######
#.# #.#..# #.# #.#..# #.#


You could see a gnoll sergeant and 2 gnolls.


Message History

You regained 2 hp, and now have 33/43 hp.
You slash the water moccasin skeleton!
The water moccasin skeleton completely misses you. 😕 HP[+2]
You regained 2 hp, and now have 35/43 hp.
You barely miss the water moccasin skeleton.
The water moccasin skeleton misses you.
You riposte.
You hit the water moccasin skeleton.
The water moccasin skeleton completely misses you.
You riposte.
You hit the water moccasin skeleton but do no damage. 😕 HP[+1]
You hit the water moccasin skeleton.
The water moccasin skeleton barely misses you.
You riposte.
You hit the water moccasin skeleton.
The water moccasin skeleton closely misses you. 😕 HP[+2]
You regained 2 hp, and now have 38/43 hp.
You slash the water moccasin skeleton!
You destroy the water moccasin skeleton!
Trog accepts your kill. 😕 HP[+3]
You now have 44 max hp (+1).
You regained 3 hp, and now have 41/44 hp. 😕 HP[+1] Unknown command. 😕 HP[+1] 😎 HP[+1]
Your hp is fully restored (44).
A gnoll comes into view. It is wielding a +0 whip.
A gnoll and a gnoll sergeant come into view.
The gnoll sergeant is wielding a +2 trident of venom.
A gnoll comes into view. It is wielding a +0 club.
You feel yourself speed up.
You recover from your berserk rage.
Okay, then.
A red film seems to cover your vision as you go berserk!
You feel yourself moving faster!
You feel mighty!
The gnoll sergeant completely misses you. 😎 HP[+22]
You now have 66 max hp (+22).
Your hp is fully restored (66).
You feel a strong urge to attack something.
You closely miss the gnoll sergeant. The gnoll barely misses you.
The gnoll hits you with a +0 whip.
The gnoll sergeant completely misses you. 😕 HP[-3]
You take 3 damage, and now have 63/66 hp.
You hit the gnoll sergeant. The gnoll hits you with a +0 whip.
The gnoll barely misses you. The gnoll sergeant misses you. 😕 HP[-5]
You take 5 damage, and now have 58/66 hp.
You hit the gnoll sergeant but do no damage. 😕 HP[+1]
You closely miss the gnoll sergeant. The gnoll closely misses you. x2
The gnoll sergeant hits you with a +2 trident of venom!
You are poisoned. 😕 HP[-8]
You take 8 damage, and now have 51/66 hp.
You slash the gnoll sergeant!
You feel very sick. The gnoll misses you.
You riposte.
You slash the gnoll! The gnoll misses you. 😮 HP[-2]
You take 2 damage, and now have 49/66 hp.
You closely miss the gnoll sergeant.
You feel sick.
The gnoll sergeant barely misses you. 😮 HP[-1]
You take 1 damage, and now have 48/66 hp.
You barely miss the gnoll sergeant.
You feel sick. The gnoll barely misses you. The gnoll misses you.
You riposte.
You barely miss the gnoll.
The gnoll sergeant closely misses you. 😮 HP[-1]
You take 1 damage, and now have 47/66 hp.
Unknown command.
You hit the gnoll sergeant.
You feel sick.
The gnoll hits you from afar with a +0 spear.
The gnoll completely misses you. 😮 HP[-4]
You take 4 damage, and now have 43/66 hp.
You barely miss the gnoll sergeant.
You feel sick.
The gnoll sergeant hits you with a +2 trident of venom!
* * * LOW HITPOINT WARNING * * *
😨 HP[-12]
You take 12 damage, and now have 31/66 hp.
Unknown command.
You hit the gnoll sergeant but do no damage.
You feel sick. The gnoll completely misses you. The gnoll barely misses you.
The gnoll sergeant hits you with a +2 trident of venom!
* * * LOW HITPOINT WARNING * * *
You are more poisoned. 😨 HP[-8]
You take 8 damage, and now have 23/66 hp.
You are no longer berserk.
You are exhausted.
You feel yourself slow down.
You feel sick. 😨 HP[-9]
You now have 44 max hp (-22).
You feel very sick.
The gnoll sergeant hits you with a +2 trident of venom!
You die...

Skill      XL: |  1  2  3  4  5  6  7 |
---------------+----------------------+-----
Fighting       | 3 4 5 |  5.4
Long Blades    | 3 4 5 |  5.5
Dodging        | 5 6 7 8 |  8.6

Action                   |  1- 3 |  4- 6 |  7- 9 || total
-------------------------+-------+-------+-------++-------
Melee: Falchion          |    75 |   107 |   154 ||   336
 Fire: Hunting sling     |       |    15 |    14 ||    29
Invok: Berserk           |     3 |     6 |     4 ||    13
  Use: Scroll            |       |     4 |       ||     4
 Stab: Sleeping          |       |     3 |     1 ||     4
Armor: Animal skin       |     4 |     3 |    17 ||    24
Dodge: Dodged            |    55 |    80 |   166 ||   301
       Rpst.: Falchion   |    19 |    28 |    55 ||   102

Levels and vault maps discovered:
D:1:      denvon_arrival_planthouse, layout_basic, hex_intersection,
          serial_park_tiny_2, chequers_serial_rivers_small_3,
          minmay_split_cup_large
D:2:      layout_basic, serial_shops, shop_statue,
          shapermc_ecumenical_altar_mp_urbaneastern, grunt_decor_resistance,
          serial_bayou_ford_a, serial_bayou_lagoon_b, uniq_terence, uniq_natasha
D:3:      layout_basic, nemelex_diamond_rough_becter, tso_metal_star,
          serial_shops, nicolae_shop_trees, shop_statue, uniq_ijyb
D:4:      kb_forest_paths, layout_basic, uniq_sigmund, uniq_duvessa
D:5:      layout_loops_ring, kiku_gazebo_pond_becter, minmay_temple_entry_fiery
D:6:      layout_basic, grunt_temple_overflow_open, gup_ossuary_entry_pyramid
D:7:      layout_cave_pools, lemuel_tele_altar, serial_shops,
          nicolae_shop_stone, uniq_harold

Notes
Turn   | Place    | Note
-------+----------+-------------------------------------------
     0 | D:1      | Sobieck the Spriggan Berserker began the quest for the Orb.
     0 | D:1      | Reached XP level 1. HP: 11/11 MP: 2/2
     0 | D:1      | magus.rc [v1.9.6]
   117 | D:2      | Reached XP level 2. HP: 8/16 MP: 3/3
   122 | D:2      | HP: 4/16 [ball python (1)]
  1146 | D:1      | Reached XP level 3. HP: 19/19 MP: 4/4
  1210 | D:1      | HP: 3/19 [frozen (5)]
  1727 | D:2      | Noticed Terence
  1735 | D:2      | Killed Terence
  1736 | D:2      | Reached skill level 3 in Fighting
  1736 | D:2      | Reached skill level 3 in Long Blades
  1736 | D:2      | Reached ** piety under Trog
  1984 | D:2      | Found Dusipli's Assorted Antiques.
  2090 | D:2      | Found a faded altar of an unknown god.
  2208 | D:2      | Noticed Natasha
  2216 | D:2      | Killed Natasha
  2217 | D:2      | Reached skill level 5 in Dodging
  2217 | D:2      | Reached XP level 4. HP: 24/24 MP: 5/5
  2434 | D:2      | You pick up a book of Misfortune {forbidden} and begin
                  | reading...
  2434 | D:2      | You add the spells Confusing Touch, Gell's Gravitas,
                  | Petrify, Metabolic Englaciation and Yara's Violent
                  | Unravelling to your library.
  2761 | D:3      | You pick up a book of Conjurations {forbidden@e2} and begin
                  | reading...
  2761 | D:3      | You add the spells Magic Dart, Searing Ray, Dazzling Flash,
                  | Fulminant Prism and Iskenderun's Mystic Blast to your
                  | library.
  2812 | D:3      | Found a sparkling altar of Nemelex Xobeh.
  2847 | D:3      | Found Hoahuizum's Antique Armour Shop.
  2904 | D:3      | Found Xewesmue's Antique Armour Shop.
  2928 | D:3      | Noticed Ijyb
  2984 | D:3      | Killed Ijyb
  3098 | D:3      | Found a glowing golden altar of the Shining One.
  3371 | D:3      | Reached XP level 5. HP: 28/28 MP: 6/6
  3913 | D:5      | Entered Level 5 of the Dungeon
  4026 | D:4      | Noticed Sigmund
  4034 | D:4      | Killed Sigmund
  4035 | D:4      | Reached skill level 6 in Dodging
  4035 | D:4      | Reached XP level 6. HP: 33/33 MP: 7/7
  4131 | D:4      | Reached skill level 4 in Fighting
  4131 | D:4      | Reached skill level 4 in Long Blades
  4378 | D:5      | Noticed a water moccasin
  4525 | D:4      | Noticed Dowan
  4525 | D:4      | Noticed Duvessa
  4551 | D:4      | Killed Duvessa
  4556 | D:4      | Killed Dowan
  4557 | D:4      | Reached skill level 7 in Dodging
  4557 | D:4      | Reached XP level 7. HP: 20/38 MP: 8/8
  4827 | D:5      | Reached *** piety under Trog
  4841 | D:5      | Found an ancient bone altar of Kikubaaqudgha.
  5230 | D:5      | Found a staircase to the Ecumenical Temple.
  5325 | D:5      | You pick up a book of Cantrips {forbidden} and begin
                  | reading...
  5325 | D:5      | You add the spells Corona, Animate Skeleton, Summon Small
                  | Mammal and Apportation to your library.
  5451 | D:5      | magus.rc [v1.9.6]
  5560 | D:6      | Reached skill level 5 in Long Blades
  5627 | D:6      | Reached skill level 5 in Fighting
  5627 | D:6      | Reached skill level 8 in Dodging
  5627 | D:6      | Reached XP level 8. HP: 43/43 MP: 9/9
  5852 | D:6      | HP: 11/44 [poisoned by a gnoll sergeant]
  5852 | D:6      | Slain by a gnoll sergeant

Vanquished Creatures
  Sigmund (D:4)
  A steam dragon (D:6)
  A water moccasin (D:5)
  Duvessa (D:4)
  An ogre (D:6)
  3 scorpions
  A wyvern zombie (D:6)
  Dowan (D:4)
  A water moccasin zombie (D:5)
  A water moccasin skeleton (D:6)
  A centaur zombie (D:6)
  3 iguanas
  2 jellies
  Ijyb (D:3)
  Terence (D:2)
  Natasha (D:2)
  An orc wizard (D:5)
  3 adders
  A white imp (D:5)
  An ufetubus (D:5)
  A worm (D:2)
  3 dart slugs
  6 orcs
  A ball python (D:2)
  3 bats
  6 endoplasms
  4 giant cockroaches
  7 goblins
  3 hobgoblins
  2 jackals (D:4)
  10 kobolds
  4 quokkas
  2 frilled lizards
  2 rats
81 creatures vanquished.

Vanquished Creatures (others)
  2 plants (D:2)
2 creatures vanquished.

Grand Total: 83 creatures vanquished

Table legend:
 A = Non-vault XP
 B = Vault XP
 C = Vault XP percentage of total XP
 D = Non-vault monster count
 E = Vault monster count
 F = Vault count percentage of total count
                 A         B        C        D         E       F
            +---------+---------+-------+---------+---------+-------
      Total |    1310 |     565 |  30.1 |      65 |      16 |  19.8
            +---------+---------+-------+---------+---------+-------
        D:1 |      27 |       9 |  25.0 |      13 |       4 |  23.5
        D:2 |      27 |      71 |  72.4 |      13 |       2 |  13.3
        D:3 |      28 |      36 |  56.2 |       9 |       1 |  10.0
        D:4 |     169 |     449 |  72.7 |      11 |       9 |  45.0
        D:5 |     371 |       0 |   0.0 |      11 |       0 |   0.0
        D:6 |     688 |       0 |   0.0 |       8 |       0 |   0.0
            +---------+---------+-------+---------+---------+-------

Illustrated notes

Table legend:
 A = Kills in this place as a percentage of kills in entire the game.
 B = Kills by you in this place as a percentage of kills by you in the entire game.
 C = Kills by friends in this place as a percentage of kills by friends in the entire game.
 D = Other kills in this place as a percentage of other kills in the entire game.
 E = Experience gained in this place as a percentage of experience gained in the entire game.
 F = Experience gained in this place divided by the number of levels of this place that you have seen.
                   A       B       C       D       E      F
               +-------+-------+-------+-------+-------+----------------------
         Total | 100.0 | 100.0 |   N/A |   N/A | 100.0 | 267.9
       Dungeon | 100.0 | 100.0 |   N/A |   N/A | 100.0 | 267.9
               +-------+-------+-------+-------+-------+----------------------

Table legend: (Time is in decaauts)
 A = Elapsed time spent in this place.
 B = Non-inter-level travel time spent in this place.
 C = Inter-level travel time spent in this place.
 D = Time resting spent in this place.
 E = Time spent auto-exploring this place.
 F = Levels seen in this place.
 G = Mean time per level.
                   A        B        C        D        E       F      G
               +--------+--------+--------+--------+--------+-----+--------+
         Total |   4453 |   4171 |    282 |    873 |   2483 |   7 |  636.1 |
       Dungeon |   4453 |   4171 |    282 |    873 |   2483 |   7 |  636.1 |
               +--------+--------+--------+--------+--------+-----+--------+

Top non-repeatable levels by time:
     D:1: 1375 daAuts
     D:2: 857 daAuts
     D:4: 755 daAuts
     D:3: 585 daAuts
     D:5: 579 daAuts
     D:6: 296 daAuts
     D:7: 4 daAuts
